 Dungeon Sprint DCSS version 0.30.1-4-g462c640d31 (webtiles) character file.

Game seed: 17642793553837576038

22 fozzywoppz the Sneak (level 2, 0/13 HPs)
             Began as a Spriggan Enchanter on Sept 15, 2023.
             Slain by a wolf (10 damage)
             ... in the Dungeon (Sprint III: "The Ten Rune Challenge").
             The game lasted 00:01:10 (158 turns).

fozzywoppz the Sneak (Spriggan Enchanter)            Turns: 158, Time: 00:01:11

Health: 0/13       AC:  2    Str:  4    XL:     2   Next: 68%
Magic:  1/7        EV: 18    Int: 16    God:
Gold:   0          SH:  0    Dex: 15    Spells: 6/8 levels left

rFire   . . .        a - +1 dagger
rCold   . . .        (no shield)
rNeg    . . .        b - +0 robe
rPois   .            (helmet restricted)
rElec   .            (no cloak)
rCorr   .            (gloves unavailable)
SInv    +            (boots unavailable)
Will    .....        (no amulet)
Stlth   +++          (no ring)
HPRegen 0.22/turn    (no ring)
MPRegen 0.10/turn

%: no teleportation
@: very quick
A: very small, no large weapons, unfitting armour, see invisible, speed 3
a: no special abilities


You were in the Dungeon.
You visited 1 branch

Inventory:

Hand Weapons
 a - a +1 dagger (weapon)
Armour
 b - a +0 robe (worn)
Scrolls
 i - a scroll of blinking
 j - a scroll of identify {unknown}
Potions
 c - 2 potions of invisibility
 d - a potion of curing
 e - a potion of heal wounds
 f - a potion of haste
 g - 2 potions of magic
 k - a potion of mutation {unknown}


   Skills:
 + Level 2.7 Short Blades
 + Level 4.1 Dodging
 + Level 5.9 Stealth
 + Level 3.9 Spellcasting
 + Level 4.6 Hexes


You had 6 spell levels left.
You knew the following spells:

 Your Spells              Type           Power      Damage    Failure   Level
a - Ensorcelled Hibernat  Hex/Ice        20%        N/A       10%         2

Your spell library contained the following spells:

 Spells                   Type           Power      Damage    Failure   Level
 Confusing Touch          Hex            18%        N/A       8%          3
 Tukima's Dance           Hex            18%        N/A       8%          3
 Dazzling Flash           Conj/Hex       20%        N/A       21%         3


Dungeon Overview and Level Annotations

Branches:
Dungeon (1/1)

Altars:


Innate Abilities, Weirdness & Mutations

You are very small and have problems with some larger weapons.
You are too small for most types of armour.
You have supernaturally acute eyesight. (SInv)
You cover ground extremely quickly. (Speed+++)


Message History

You finish memorising.
Spell assigned to 'a'.
You start resting.
Magic restored.
You start resting.
You feel yourself speed up.
There is an open door here.
A wolf comes into view.
The wolf howls!
Casting: Ensorcelled Hibernation (safe; 10% risk of failure)
Confirm with . or Enter, or press ? or * to list all spells.
Aiming: Ensorcelled Hibernation (safe; 10% risk of failure)
Press: ? - help, Shift-Dir - straight line, f - wolf
Aim: a wolf (chance to affect: 44%)
The wolf resists with some effort.
Casting: Ensorcelled Hibernation (safe; 10% risk of failure)
Confirm with . or Enter, or press ? or * to list all spells.
Aiming: Ensorcelled Hibernation (safe; 10% risk of failure)
Press: ? - help, Shift-Dir - straight line, f/p - wolf
Aim: a wolf (chance to affect: 44%)
The wolf resists with some effort.
Casting: Ensorcelled Hibernation (safe; 10% risk of failure)
Confirm with . or Enter, or press ? or * to list all spells.
Aiming: Ensorcelled Hibernation (safe; 10% risk of failure)
Press: ? - help, Shift-Dir - straight line, f/p - wolf
Aim: a wolf (chance to affect: 44%)
The wolf resists with some effort.
The wolf bites you. The wolf closely misses you.
You hit the wolf but do no damage. The wolf barely misses you.
The wolf completely misses you.
Casting: Ensorcelled Hibernation (safe; 10% risk of failure)
Confirm with . or Enter, or press ? or * to list all spells.
You don't have enough magic to cast this spell.
Unknown command.
The wolf attacks as you move away! The wolf closely misses you.
The wolf attacks as you move away! The wolf barely misses you.
You recover from your berserk rage.
The wolf barely misses you. The wolf attacks as you move away!
The wolf bites you!
Ouch! That really hurt!
You die...

▓.....#....~♣♣
▓.....#...~~.♣♣♣.
▓.....#..~~~~♣...
▓####'#..~≈≈~~~♣.
▓..††.#.~~≈~~~...
▓.....#.~≈~~~....
▓.....#.~~~......
▓'#####..........
▓..@h............
▓▓▓▓▓▓▓▓▓▓▓▓▓▓▓▓▓


You could see a wolf.

Vanquished Creatures
  A human (D)
  2 endoplasms (D)
  2 rats (D)
5 creatures vanquished.

Notes
Turn   | Place    | Note
-------+----------+-------------------------------------------
     0 | D        | fozzywoppz the Spriggan Enchanter began the quest for the
                  | Orb.
     0 | D        | Reached XP level 1. HP: 9/9 MP: 5/5
    40 | D        | Reached skill level 5 in Stealth
   101 | D        | Reached XP level 2. HP: 5/13 MP: 5/7
   108 | D        | Learned a level 2 spell: Ensorcelled Hibernation
   158 | D        | Slain by a wolf

Illustrated notes

Levels and vault maps discovered:
D:        dungeon_sprint_mu [sprint_mu_entry_forest, sprint_mu_temple_rooms,
          sprint_mu_d1_spiders, sprint_mu_d2_genie, sprint_mu_d3_branching,
          sprint_mu_orc_legion, sprint_mu_elf_gauntlet, sprint_mu_hive_nellie,
          sprint_mu_lair_fedhas, sprint_mu_vaults_butterflies,
          sprint_mu_slime_circle, sprint_mu_swamp_cave, sprint_mu_shoals_archi,
          sprint_mu_blade_basic, sprint_mu_crypt_fortress,
          sprint_mu_tomb_spiral, sprint_mu_vestibule_basic,
          sprint_mu_gehenna_hellfire, sprint_mu_dis_giant,
          sprint_mu_tartarus_statrot, sprint_mu_cocytus_islands, sprint_mu_zot1]

Skill      XL: |  1 |
---------------+----+-----
Dodging        | 4 |  4.1
Spellcasting   | 3 |  3.9
Hexes          | 4 |  4.6
Stealth        | 5 |  5.9
Short Blades   | 2 |  2.7

Action                     || total
---------------------------++-------
  Melee: Dagger            ||    22
   Cast: Ensorcelled Hiber ||     3
    Use: Potion            ||     1
   Stab: Sleeping          ||     2
  Dodge: Dodged            ||    15
